 Dungeon Crawl Stone Soup version 0.27-b1-42-g19c61b19a5 (webtiles) character file.

Game seed: 4452923786916772893

294 frimble the Stinger (level 6, -1/39 HPs)
             Began as an Octopode Venom Mage on July 30, 2021.
             Killed by divine providence
             ... invoked by an orc priest
              (13 damage)
             ... on level 4 of the Dungeon.
             The game lasted 00:06:51 (5025 turns).

frimble the Stinger (Octopode Venom Mage)           Turns: 5025, Time: 00:06:52

Health: -1/39      AC:  1    Str:  8    XL:     6   Next: 34%
Magic:  3/9        EV: 14    Int: 18    God:
Gold:   132        SH:  0    Dex: 13    Spells: 5/10 levels left

rFire    . . .     SeeInvis .   d - +2 dagger (drain)
rCold    . . .     Faith    .   (no shield)
rNeg     . . .     Spirit   .   (helmet restricted)
rPois    .         Reflect  .   (no amulet)
rElec    .         Harm     .   (no ring)
rCorr    .         Rampage  .   (no ring)
Will     .....                  (no ring)
Stlth    +++.......             (no ring)
HPRegen  0.13/turn              (no ring)
MPRegen  0.11/turn              (no ring)
                                (no ring)
                                (no ring)

@: no status effects
A: almost no armour, amphibious, 8 rings, camouflage 1, gelatinous body 1,
(nimble swimmer 1), tentacles
a: no special abilities


You were on level 4 of the Dungeon.
You visited 1 branch of the dungeon, and saw 4 of its levels.

You collected 132 gold pieces.

Inventory:

Hand Weapons
 d - a +2 dagger of draining (weapon)
 g - a +0 long sword of holy wrath
Missiles
 i - 29 poisoned darts
 m - a throwing net
Scrolls
 a - 2 scrolls of holy word {unknown}
 b - 2 scrolls of torment {unknown}
 c - 2 scrolls of immolation
 e - a scroll of noise {unknown}
 f - a scroll of enchant armour {unknown}
 l - a scroll of fear {unknown}
Potions
 h - a potion of might {unknown}
 j - a potion of curing {unknown}
 k - 2 potions of heal wounds


   Skills:
 - Level 2.1 Fighting
 + Level 2.9 Short Blades
 + Level 3.4 Dodging
 + Level 3.4 Stealth
 + Level 2.6 Spellcasting
 - Level 1.0 Transmutations
 + Level 4.8 Poison Magic


You had 5 spell levels left.
You knew the following spells:

 Your Spells              Type           Power      Damage    Failure   Level
a - Sting                 Tmut/Pois      48%        1d5       4%          1
b - Olgreb's Toxic Radia  Pois           19%        N/A       22%         4

Your spell library contained the following spells:

 Spells                   Type           Power      Damage    Failure   Level
 Poisonous Vapours        Pois/Air       22%        N/A       10%         2
 Spider Form              Tmut/Pois      6%         N/A       16%         3
 Sandblast                Erth           4%         2d4       17%         1
 Passwall                 Tmut/Erth      3%         N/A       22%         2
 Ensorcelled Hibernation  Hex/Ice        4%         N/A       26%         2
 Slow                     Hex            2%         N/A       26%         2
 Mephitic Cloud           Conj/Pois/Air  8%         N/A       26%         3
 Confusing Touch          Hex            2%         N/A       45%         3
 Vampiric Draining        Necr           1%         2d6       45%         3
 Lee's Rapid Deconstruct  Erth           1%         3d5*      99%         5
 Shadow Creatures         Summ           N/A        N/A       100%        6


Dungeon Overview and Level Annotations

Branches:
Dungeon (4/15)
 Temple: D:4-7

Altars:
Hepliaklqana

Shops:
D:2 *

Annotations:
D:3 Sigmund


Innate Abilities, Weirdness & Mutations

You cannot wear most types of armour.
You are amphibious.
You can wear up to eight rings at the same time.
Your skin changes colour to match your surroundings (Stealth+).
Your rubbery body absorbs attacks. (AC +1, EV +1)
((You are camouflaged near water. (Stealth+)))
You have tentacles for arms and can constrict up to eight enemies at once.


Message History

You kill the orc! x2
The orc priest miscasts a cantrip.
The orc priest looks more healthy.
The orc priest begins to cast a cantrip, but forgets the words!
You feel a bit more experienced.
The orc priest calls down the wrath of Beogh upon you.
Pain shoots through your body!
You are too injured to fight recklessly!
You are too injured to fight recklessly!
You are too injured to fight recklessly!
You are too injured to fight recklessly!
You are too injured to fight recklessly!
You are too injured to fight recklessly!
Unknown command.
Casting: Olgreb's Toxic Radiance (quite dangerous; 22% risk of failure)
Confirm with . or Enter, or press ? or * to list all spells.
Aiming: Sting (safe; 4% risk of failure)
Press: ? - help, Shift-Dir - straight line, f - orc priest
Aim: an orc priest, wielding a +0 club and wearing a +0 ring mail (heavily wounded, 75% to hit)
The sting hits the orc priest.
The orc priest is poisoned.
The orc priest is severely wounded.
Casting: Sting (safe; 4% risk of failure)
Confirm with . or Enter, or press ? or * to list all spells.
Aiming: Sting (safe; 4% risk of failure)
Press: ? - help, Shift-Dir - straight line, f/p - orc priest
Aim: an orc priest, wielding a +0 club and wearing a +0 ring mail (severely wounded, poisoned, 75% to hit)
The sting hits the orc priest.
The orc priest looks even sicker.
The orc priest is severely wounded.
The orc priest invokes the aid of Beogh against you.
Beogh smites you!
Casting: Sting (safe; 4% risk of failure)
Confirm with . or Enter, or press ? or * to list all spells.
Aiming: Sting (safe; 4% risk of failure)
Press: ? - help, Shift-Dir - straight line, f/p - orc priest
Aim: an orc priest, wielding a +0 club and wearing a +0 ring mail (almost dead, very poisoned, 75% to hit)
The sting hits the orc priest.
The orc priest looks even sicker.
The orc priest is almost dead.
The orc priest calls down the wrath of Beogh upon you.
Beogh smites you!
You die...

.....### ###....>#..# #
.##....# #######..# .#
.......# #........# #..<
.......# #........##.....
...##########....#..$..)...
...................go......
.#.######.......o#.....)...
.#.# #........#######?..
.#.######.......@# .
.'.#....#....#####
.###.........#
...#....#....#
##.##...#.#### ##.##.###.#
...#....#+####
######.......#
.............#


You could see an orc priest (very poisoned).

Vanquished Creatures
  An ogre (D:3)
  An orc wizard (D:3)
  Robin (D:2)
  5 adders
  An adder skeleton (D:4)
  2 worms
  4 dart slugs
  7 orcs
  5 ball pythons
  10 bats
  7 endoplasms
  6 giant cockroaches
  14 goblins
  14 hobgoblins
  4 quokkas
  4 frilled lizards
  4 kobolds
  7 rats
97 creatures vanquished.

Notes
Turn   | Place    | Note
-------+----------+-------------------------------------------
     0 | D:1      | frimble the Octopode Venom Mage began the quest for the
                  | Orb.
     0 | D:1      | Reached XP level 1. HP: 11/11 MP: 3/3
   350 | D:1      | Reached skill level 4 in Poison Magic
   357 | D:1      | Reached XP level 2. HP: 7/17 MP: 3/5
  1113 | D:1      | Reached skill level 1 in Short Blades
  1113 | D:1      | Reached XP level 3. HP: 2/22 MP: 2/6
  1451 | D:1      | Reached skill level 1 in Fighting
  1478 | D:1      | Found a faded altar of an unknown god.
  1957 | D:2      | Found a hazy altar of Hepliaklqana.
  2018 | D:2      | Found Yqol's General Store.
  2047 | D:2      | Noticed Robin
  2059 | D:2      | Reached XP level 4. HP: 9/29 MP: 7/7
  2528 | D:2      | Killed Robin
  2568 | D:2      | Learned a level 4 spell: Olgreb's Toxic Radiance
  2872 | D:2      | Reached XP level 5. HP: 34/34 MP: 8/8
  3937 | D:3      | Noticed Sigmund
  4091 | D:4      | Noticed a centaur
  4471 | D:4      | Noticed an ogre
  4715 | D:3      | Killed an ogre
  4716 | D:3      | Reached XP level 6. HP: 18/39 MP: 2/9
  5025 | D:4      | Killed from afar by an orc priest

Illustrated notes

Levels and vault maps discovered:
D:1:      amcnicky_arrival_abandoned_market, layout_basic,
          chequers_ecumenical_altar_simple
D:2:      layout_basic, basic_altar, serial_shops, shop, hex_large,
          minmay_pentomino_w4, uniq_robin
D:3:      layout_basic, uniq_sigmund
D:4:      layout_basic, mainiacjoe_overflow_catwalk, minmay_crossroads

Skill      XL: |  1  2  3  4  5 |
---------------+----------------+-----
Poison Magic   | 4 |  4.8
Short Blades   | 1 2 |  2.9
Fighting       | 1 2 |  2.1
Dodging        | 3 |  3.4
Stealth        | 3 |  3.4
Spellcasting   | |  2.6
Transmutations | |  1.0

Action                   |  1- 3 |  4- 6 || total
-------------------------+-------+-------++-------
Melee: Unarmed           |    28 |       ||    28
       Constrict         |    21 |    17 ||    38
       Tentacles         |     7 |     8 ||    15
       Dagger            |    48 |    79 ||   127
 Cast: Sting             |    11 |    20 ||    31
       Olgreb's Toxic Ra |       |     3 ||     3
  Use: Scroll            |     2 |       ||     2
 Stab: Sleeping          |     5 |    13 ||    18
       Distracted        |       |     2 ||     2
Armor: Skin              |     5 |     8 ||    13
Dodge: Dodged            |    55 |    42 ||    97
